BSA
HENDERSONVILLE HITMEN @ BAFFIN ISLAND BEAVERS
09/04/2025
 
TOP OF THE 1ST
Hendersonville Hitmen batting - Pitching for Baffin Island Beavers : RHP Thierry Garneau
Pitching: RHP Thierry Garneau
Batting: RHB Junior Vargas 0-0: Called Strike
0-1: Ball
1-1: Foul Ball, location: 2F
1-2: Foul Ball, location: 2F
1-2: Ground out 6-3 (Groundball, 6)
Batting: RHB Eduardo García 0-0: Called Strike
0-1: Ground out 3-1 (Groundball, 3)
Batting: RHB Manolo Román 0-0: Called Strike
0-1: Foul Ball, location: 2F
0-2: Foul Ball, location: 2F
0-2: Ball
1-2: Strikes out looking
Top of the 1st over - 0 run(s), 0 hit(s), 0 error(s), 0 left on base; Hendersonville 0 - Baffin Island 0
BOTTOM OF THE 1ST
Baffin Island Beavers batting - Pitching for Hendersonville Hitmen : LHP Simon Martel
Pitching: LHP Simon Martel
Batting: RHB José García 0-0: Ball
1-0: Ball
2-0: Ball
3-0: Called Strike
3-1: Base on Balls
Batting: LHB Jeff Cole 0-0: Ball
1-0: Ball
2-0: Grounds into double play, 6-4-3 (Groundball, 6)
Batting: SHB Alonso Ferreira 0-0: Ball
1-0: Called Strike
1-1: Ball
2-1: Ball
3-1: Fly out, F5 (Popup, 5F)
Bottom of the 1st over - 0 run(s), 0 hit(s), 0 error(s), 0 left on base; Hendersonville 0 - Baffin Island 0
TOP OF THE 2ND
Hendersonville Hitmen batting - Pitching for Baffin Island Beavers : RHP Thierry Garneau
Batting: LHB Tony Abete 0-0: Called Strike
0-1: SOLO HOME RUN (Flyball, 8LXD) (Inside the Park)
Batting: SHB Tony López 0-0: Called Strike
0-1: Called Strike
0-2: Ball
1-2: Ground out U3 (Groundball, 3)
Batting: LHB Jerry Johnston 0-0: Called Strike
0-1: Foul Ball, location: 2F
0-2: Strikes out looking
Batting: LHB Enrique Nalasco 0-0: Ball
1-0: Called Strike
1-1: Ball
2-1: Foul Ball, location: 2F
2-2: Ball
3-2: Strikes out looking
Top of the 2nd over - 1 run(s), 1 hit(s), 0 error(s), 0 left on base; Hendersonville 1 - Baffin Island 0
BOTTOM OF THE 2ND
Baffin Island Beavers batting - Pitching for Hendersonville Hitmen : LHP Simon Martel
Batting: RHB Tony Morton 0-0: Ball
1-0: Ground out 6-3 (Groundball, 6)
Batting: LHB Chris Bates 0-0: Ball
1-0: Called Strike
1-1: Foul Ball, location: 2F
1-2: Ground out 6-3 (Groundball, 6D)
Batting: LHB Lorenzo Villa 0-0: Foul Ball, location: 2F
0-1: Ball
1-1: Ball
2-1: SINGLE (Flyball, 8RS)
Batting: RHB Mario López 0-0: Ball
1-0: Called Strike
1-1: Ball
2-1: Ball
3-1: Foul Ball, location: 2F
3-2: Fly out, F6 (Popup, 78S)
Bottom of the 2nd over - 0 run(s), 1 hit(s), 0 error(s), 1 left on base; Hendersonville 1 - Baffin Island 0
TOP OF THE 3RD
Hendersonville Hitmen batting - Pitching for Baffin Island Beavers : RHP Thierry Garneau
Batting: RHB Robert Buckley 0-0: Swinging Strike
0-1: Fly out, F9 (Flyball, 89M)
Batting: RHB Taylor McFarland 0-0: SINGLE (Groundball, 3D)
Batting: RHB Junior Vargas 0-0: Ball
1-0: Fly out, F8 (Flyball, 78D)
Batting: RHB Eduardo García 0-0: Ball
1-0: Ball
2-0: Called Strike
2-1: Ball
3-1: Called Strike
3-2: SINGLE (Groundball, 56) (infield hit)
Taylor McFarland to second
Batting: RHB Manolo Román 0-0: Swinging Strike
0-1: Foul Ball, location: 2F
0-2: Fly out, F8 (Flyball, 8LM)
Top of the 3rd over - 0 run(s), 2 hit(s), 0 error(s), 2 left on base; Hendersonville 1 - Baffin Island 0
BOTTOM OF THE 3RD
Baffin Island Beavers batting - Pitching for Hendersonville Hitmen : LHP Simon Martel
Batting: LHB Keng-chi Lao 0-0: Ball
1-0: Foul Ball, location: 2F
1-1: Ground out 6-3 (Groundball, 6M)
Batting: RHB Bryan Sandstrom 0-0: Ball
1-0: Ball
2-0: Called Strike
2-1: Foul Ball, location: 2F
2-2: Foul Ball, location: 2F
2-2: Ball
3-2: Ground out 4-3 (Groundball, 4M)
Batting: RHB José García 0-0: Ball
1-0: Ground out 4-3 (Groundball, 34)
Bottom of the 3rd over - 0 run(s), 0 hit(s), 0 error(s), 0 left on base; Hendersonville 1 - Baffin Island 0
TOP OF THE 4TH
Hendersonville Hitmen batting - Pitching for Baffin Island Beavers : RHP Thierry Garneau
Batting: LHB Tony Abete 0-0: Called Strike
0-1: Fly out, F9 (Flyball, 89D)
Batting: SHB Tony López 0-0: Ball
1-0: Called Strike
1-1: DOUBLE (Line Drive, 89D)
Batting: LHB Jerry Johnston 0-0: Called Strike
0-1: Foul Ball, location: 2F
0-2: Fly out, F5 (Popup, 5F)
Batting: LHB Enrique Nalasco 0-0: Called Strike
0-1: Called Strike
0-2: Ball
1-2: Foul Ball, location: 2F
1-2: Ball
2-2: Foul Ball, location: 2F
2-2: Foul Ball, location: 2F
2-2: Strikes out swinging
Top of the 4th over - 0 run(s), 1 hit(s), 0 error(s), 1 left on base; Hendersonville 1 - Baffin Island 0
BOTTOM OF THE 4TH
Baffin Island Beavers batting - Pitching for Hendersonville Hitmen : LHP Simon Martel
Batting: LHB Jeff Cole 0-0: Ball
1-0: Ball
2-0: Ball
3-0: SOLO HOME RUN (Line Drive, 89XD), Distance : 481 ft
Batting: SHB Alonso Ferreira 0-0: Called Strike
0-1: Ball
1-1: Ball
2-1: Foul Ball, location: 2F
2-2: Foul Ball, location: 2F
2-2: SOLO HOME RUN (Flyball, 8LXD) (Inside the Park)
Batting: RHB Tony Morton 0-0: Ball
1-0: SINGLE (Groundball, 25) (infield hit)
Batting: LHB Chris Bates 0-0: Called Strike
0-1: SINGLE (Line Drive, 3L)
Tony Morton to second
Batting: LHB Lorenzo Villa 0-0: Ball
1-0: Grounds into double play, 4-6-3 (Groundball, 4M)
Tony Morton to third
Batting: RHB Mario López 0-0: Swinging Strike
0-1: Foul Ball, location: 2F
0-2: Ball
1-2: Ball
2-2: Strikes out swinging
Bottom of the 4th over - 2 run(s), 4 hit(s), 0 error(s), 1 left on base; Hendersonville 1 - Baffin Island 2
TOP OF THE 5TH
Hendersonville Hitmen batting - Pitching for Baffin Island Beavers : RHP Thierry Garneau
Batting: RHB Robert Buckley 0-0: Ball
1-0: Fly out, F6 (Line Drive, 6)
Batting: RHB Taylor McFarland 0-0: Fly out, F8 (Popup, 4D)
Batting: RHB Junior Vargas 0-0: Swinging Strike
0-1: Ball
1-1: DOUBLE (Line Drive, 78XD)
Batting: RHB Eduardo García 0-0: Swinging Strike
0-1: Ball
1-1: Fly out, F9 (Flyball, 89D)
Top of the 5th over - 0 run(s), 1 hit(s), 0 error(s), 1 left on base; Hendersonville 1 - Baffin Island 2
BOTTOM OF THE 5TH
Baffin Island Beavers batting - Pitching for Hendersonville Hitmen : LHP Simon Martel
Batting: LHB Keng-chi Lao 0-0: Swinging Strike
0-1: Swinging Strike
0-2: Ground out U3 (Groundball, 3L)
Batting: RHB Bryan Sandstrom 0-0: Called Strike
0-1: Ground out 4-3 (Groundball, 4)
Batting: RHB José García 0-0: Ball
1-0: Called Strike
1-1: Ball
2-1: DOUBLE (Groundball, 5L)
Batting: LHB Jeff Cole 0-0: SINGLE (Groundball, 34D)
José García to third
Runner from 3rd tries for Home, SAFE, no throw or cutoff
Batting: SHB Alonso Ferreira 0-0: Ball
1-0: Called Strike
1-1: Called Strike
1-2: Foul Ball, location: 2F
1-2: Ball
2-2: Ball
3-2: Ground out 6-3 (Groundball, 6)
Bottom of the 5th over - 1 run(s), 2 hit(s), 0 error(s), 1 left on base; Hendersonville 1 - Baffin Island 3
TOP OF THE 6TH
Hendersonville Hitmen batting - Pitching for Baffin Island Beavers : RHP Thierry Garneau
Batting: RHB Manolo Román 0-0: Ball
1-0: Foul Ball, location: 2F
1-1: Ball
2-1: Ball
3-1: Ground out 6-3 (Groundball, 6)
Batting: LHB Tony Abete 0-0: Called Strike
0-1: DOUBLE (Line Drive, 3L)
Batting: SHB Tony López 0-0: DOUBLE (Flyball, 78XD)
Tony Abete scores
Batting: LHB Jerry Johnston 0-0: Ball
1-0: Ball
2-0: Fly out, F5 (Popup, 5SF)
Batting: LHB Enrique Nalasco 0-0: Foul Ball, location: 2F
0-1: Ball
1-1: Ball
2-1: Ground out U3 (Groundball, 3)
Top of the 6th over - 1 run(s), 2 hit(s), 0 error(s), 1 left on base; Hendersonville 2 - Baffin Island 3
BOTTOM OF THE 6TH
Baffin Island Beavers batting - Pitching for Hendersonville Hitmen : LHP Simon Martel
Batting: RHB Tony Morton 0-0: Called Strike
0-1: Ground out 6-3 (Groundball, 6)
Batting: LHB Chris Bates 0-0: Ball
1-0: Foul Ball, location: 2F
1-1: Foul Ball, location: 2F
1-2: Foul Ball, location: 2F
1-2: Ball
2-2: Foul Ball, location: 2F
2-2: Ground out 4-3 (Groundball, 4)
Batting: LHB Lorenzo Villa 0-0: Called Strike
0-1: Ball
1-1: Foul Ball, location: 2F
1-2: Foul Ball, location: 2F
1-2: Foul Ball, location: 2F
1-2: Ball
2-2: Ground out 4-3 (Groundball, 4)
Bottom of the 6th over - 0 run(s), 0 hit(s), 0 error(s), 0 left on base; Hendersonville 2 - Baffin Island 3
TOP OF THE 7TH
Hendersonville Hitmen batting - Pitching for Baffin Island Beavers : RHP Thierry Garneau
Batting: RHB Robert Buckley 0-0: Ball
1-0: Ball
2-0: Swinging Strike
2-1: Called Strike
2-2: Ball
3-2: Foul Ball, location: 2F
3-2: DOUBLE (Line Drive, 5L)
Pitching: LHP Manuel Parra
Batting: RHB Taylor McFarland 0-0: Called Strike
0-1: Ground out 3-1 (Groundball, 34)
Robert Buckley to third
Pitching: RHP António Ramos
Pinch Hitting: SHB David Johnstone 0-0: Called Strike
0-1: Ball
1-1: Foul Ball, location: 2F
1-2: Fly out, F7 (Flyball, 7LM)
Batting: RHB Eduardo García 0-0: Ball
1-0: Ball
2-0: Called Strike
2-1: Fly out, F9 (Flyball, 9D)
Top of the 7th over - 0 run(s), 1 hit(s), 0 error(s), 1 left on base; Hendersonville 2 - Baffin Island 3
BOTTOM OF THE 7TH
Baffin Island Beavers batting - Pitching for Hendersonville Hitmen : LHP Simon Martel
Pitching: RHP Francisco Carrasco
Now at 1B: David Johnstone
Batting: RHB Mario López 0-0: Called Strike
0-1: Ball
1-1: Foul Ball, location: 2F
1-2: Foul Ball, location: 2F
1-2: Fly out, F2 (Popup, 2R)
Batting: LHB Keng-chi Lao 0-0: Ball
1-0: SINGLE (Line Drive, 4MD)
Batting: RHB Bryan Sandstrom 0-0: Ball
1-0: Ball
2-0: Ball
3-0: Base on Balls
Keng-chi Lao to second
Pinch Hitting: LHB Mario García 0-0: Ball
1-0: Ball
2-0: Ball
3-0: Called Strike
3-1: Foul Ball, location: 2F
3-2: Foul Ball, location: 2F
3-2: Base on Balls
Keng-chi Lao to third
Bryan Sandstrom to second
Batting: LHB Jeff Cole 0-0: Ball
1-0: Foul Ball, location: 2F
1-1: Called Strike
1-2: Grounds into fielders choice 1-2 (Groundball, 25)
Bryan Sandstrom to third
Mario García to second
Batting: SHB Alonso Ferreira 0-0: Ball
1-0: Fly out, F8 (Flyball, 8LM)
Bottom of the 7th over - 0 run(s), 1 hit(s), 0 error(s), 3 left on base; Hendersonville 2 - Baffin Island 3
TOP OF THE 8TH
Hendersonville Hitmen batting - Pitching for Baffin Island Beavers : RHP António Ramos
Pitching: LHP Manny Sandoval
Now in RF: Mario García
Batting: RHB Manolo Román 0-0: Ball
1-0: Foul Ball, location: 2F
1-1: Foul Ball, location: 2F
1-2: Ball
2-2: Strikes out looking
Batting: LHB Tony Abete 0-0: Called Strike
0-1: Foul Ball, location: 2F
0-2: Ball
1-2: Strikes out swinging
Batting: SHB Tony López 0-0: Ball
1-0: Ground out 5-3 (Groundball, 5)
Top of the 8th over - 0 run(s), 0 hit(s), 0 error(s), 0 left on base; Hendersonville 2 - Baffin Island 3
BOTTOM OF THE 8TH
Baffin Island Beavers batting - Pitching for Hendersonville Hitmen : RHP Francisco Carrasco
Batting: RHB Tony Morton 0-0: Foul Ball, location: 2F
0-1: Ball
1-1: Ball
2-1: Swinging Strike
2-2: Ball
3-2: Base on Balls
Pitching: RHP Edward Cadle
Batting: LHB Chris Bates 0-0: Called Strike
0-1: Ball
1-1: Swinging Strike
1-2: Ball
2-2: Ball
3-2: Strikes out swinging
Batting: LHB Lorenzo Villa 0-0: Ball
1-0: Swinging Strike
1-1: Called Strike
1-2: Ball
2-2: Ball
3-2: Foul Ball, location: 2F
3-2: Strikes out swinging
Throwing error on steal attempt, E2
Tony Morton to third
Pinch Hitting: LHB José Berroa 0-0: Ball
1-0: Ball
2-0: Called Strike
2-1: Called Strike
2-2: Strikes out looking
Bottom of the 8th over - 0 run(s), 0 hit(s), 1 error(s), 1 left on base; Hendersonville 2 - Baffin Island 3
TOP OF THE 9TH
Hendersonville Hitmen batting - Pitching for Baffin Island Beavers : LHP Manny Sandoval
Pitching: LHP Ignacio Colón
Now at 2B: Pepe Medrano
Pinch Hitting: RHB Bill Mark 0-0: Called Strike
0-1: Swinging Strike
0-2: Ball
1-2: Ball
2-2: Strikes out swinging
Batting: LHB Enrique Nalasco 0-0: Ball
1-0: Called Strike
1-1: Swinging Strike
1-2: Strikes out swinging
Batting: RHB Robert Buckley 0-0: Called Strike
0-1: Swinging Strike
0-2: Foul Ball, location: 2F
0-2: Ball
1-2: Foul Ball, location: 2F
1-2: Foul Ball, location: 2F
1-2: Ball
2-2: Strikes out swinging
Top of the 9th over - 0 run(s), 0 hit(s), 0 error(s), 0 left on base; Hendersonville 2 - Baffin Island 3
This league is powered by Out of the Park Baseball, the baseball management simulation game for PC, Mac and Linux
Tuesday, August 2nd, 2016 - OOTP Baseball 16.8 Build 38